 Dungeon Crawl Stone Soup version 0.27.0-1-g7a08968 (webtiles) character file.

Game seed: 2505189893158198743

5196 Host24 the Quickloader (level 10, -7/66 HPs)
             Began as a Kobold Hunter on Jan 25, 2022.
             Was a Believer of Dithmenos.
             Mangled by a two-headed ogre (19 damage)
             ... on level 9 of the Dungeon.
             The game lasted 00:42:30 (12888 turns).

Host24 the Quickloader (Kobold Hunter)             Turns: 12888, Time: 00:42:31

Health: -7/66      AC: 11    Str: 16    XL:     10   Next: 91%
Magic:  10/10      EV: 13    Int: 14    God:    Dithmenos [**....]
Gold:   558        SH:  4    Dex: 17    Spells: 9/9 levels left

rFire    x . .     SeeInvis +   a - +1 hand crossbow
rCold    + . .     Faith    .   C - +0 buckler
rNeg     + . .     Spirit   .   P - +0 pearl dragon scales
rPois    +         Reflect  .   (no helmet)
rElec    .         Harm     .   (no cloak)
rCorr    .         Rampage  .   (no gloves)
Will     .....                  (no boots)
Stlth    +++.......             (no amulet)
HPRegen  0.21/turn              N - +6 ring of strength
MPRegen  0.12/turn              B - ring "Neeciwac" {Ice rPois SInv}

@: mighty, brilliant, silenced (expiring), marked, wreathed by umbra
A: small, no large weapons, nightstalker 3
a: Renounce Religion


You were on level 9 of the Dungeon.
You worshipped Dithmenos.
Dithmenos was pleased with you.
You visited 2 branches of the dungeon, and saw 10 of its levels.

You collected 558 gold pieces.

Inventory:

Hand Weapons
 a - a +1 hand crossbow (weapon)
 p - a +0 hunting sling
 A - a +0 shortbow
 H - the +8 long sword "Ligarul" {flame, rF+}
   (You found it on level 7 of the Dungeon)

   It burns those it strikes, dealing additional fire damage.
   Big, fiery blades are also staple armaments of hydra-hunters.
   rF:        It protects you from fire.
Missiles
 c - 2 boomerangs of dispersal
 d - 50 bolts (quivered ammo)
 h - 257 stones
 j - 68 sling bullets
 k - 161 arrows
 l - 5 atropa-tipped darts
 o - 38 poisoned darts
 E - 5 boomerangs
 I - a throwing net
Armour
 b - a +2 leather armour of willpower
 C - a +0 buckler (worn)
 G - a +2 leather armour of poison resistance
 P - +0 pearl dragon scales (worn)
Jewellery
 i - a +6 ring of strength
 v - a ring of flight
 y - a ring of ice
 B - the ring "Neeciwac" (right hand) {Ice rPois SInv}
   (You took it off a gnoll sergeant on level 5 of the Dungeon)

   [ring of ice]

   It enhances your ice magic.
   rF:        It makes you vulnerable to fire.
   rC:        It protects you from cold.
   rPois:     It protects you from poison.
   SInv:      It lets you see invisible.
 F - a ring of fire
 M - a ring of protection from fire
 N - a +6 ring of strength (left hand)
Wands
 q - a wand of polymorph (8)
 w - a wand of paralysis (8)
 z - a wand of acid (3)
 D - a wand of flame (31)
 K - a wand of iceblast (10)
Scrolls
 f - 2 scrolls of vulnerability
 t - a scroll of enchant armour
 x - 3 scrolls of blinking
 L - 3 scrolls of teleportation
Potions
 n - a potion of might
 r - a potion of resistance
 s - a potion of lignification
 u - 2 potions of flight


   Skills:
 - Level 9.0 Fighting
 - Level 2.0 Long Blades
 - Level 11.0 Crossbows
 - Level 4.2 Armour
 - Level 6.0 Dodging
 + Level 8.9 Stealth
 - Level 3.2 Evocations


You had 9 spell levels left.
You didn't know any spells.
Your spell library contained the following spells:

 Spells                   Type           Power      Damage    Failure   Level
 Foxfire                  Conj/Fire      0%         2x1d4     91%         1
 Sublimation of Blood     Necr           0%         N/A       97%         2
 Wereblood                Tmut           0%         N/A       97%         2
 Conjure Flame            Conj/Fire      0%         6-21      99%         3
 Inner Flame              Hex/Fire       0%         N/A       99%         3
 Summon Ice Beast         Ice/Summ       0%         N/A       100%        4
 Summon Mana Viper        Hex/Summ       0%         N/A       100%        5
 Monstrous Menagerie      Summ           0%         N/A       100%        7
 Summon Hydra             Summ           0%         N/A       100%        7


Dungeon Overview and Level Annotations

Branches:
Dungeon (9/15)             Temple (1/1) D:5             Orc (0/2) D:9
   Lair: D:8-11

Altars:
Ashenzari
Cheibriados
Dithmenos
Fedhas
Gozag
Hepliaklqana
Kikubaaqudgha
Makhleb
Nemelex Xobeh
Okawaru
Qazlal
Ru
Sif Muna
Trog
Uskayaw
Xom
Yredelemnul
Zin
The Shining One
Beogh

Shops:
D:2 :   D:3 [!   D:8 ?

Annotations:
D:3 2 transporters
D:7 1 runed translucent door


Innate Abilities, Weirdness & Mutations

You are small and have problems with some larger weapons.
You are completely attuned to the shadows.


Message History

The magic dart hits you but does no damage.
The howler monkey hits your howler monkey.
Your howler monkey hits the howler monkey!
Fire: 54 bolts
Press: ? - help, Q - select action, (/) - cycle Shift-Dir - straight line, f/p - orc wizard
Aim: an orc wizard, wielding a +0 dagger and wearing a +0 robe (grey smoke, severely wounded, umbra, 67% to hit)
You shoot a bolt. The bolt hits the orc wizard!
You kill the orc wizard!
Dithmenos accepts your kill.
Your howler monkey hits the howler monkey!
The howler monkey hits your howler monkey.
The two-headed ogre hits you with a +0 giant club!
* * * LOW HITPOINT WARNING * * *
The two-headed ogre hits you but does no damage.
Fire: 53 bolts
Press: ? - help, Q - select action, (/) - cycle Shift-Dir - straight line, f - two-headed ogre
Aim: a two-headed ogre, wielding two +0 giant clubs (grey smoke, lightly wounded, umbra, 82% to hit)
You shoot a bolt. The bolt hits the two-headed ogre.
The two-headed ogre is lightly wounded.
Your howler monkey closely misses the howler monkey.
The howler monkey misses your howler monkey.
Fire: 52 bolts
Press: ? - help, Q - select action, (/) - cycle Shift-Dir - straight line, f/p - two-headed ogre
Aim: a two-headed ogre, wielding two +0 giant clubs (lightly wounded, umbra, 82% to hit)
You shoot a bolt. The bolt hits the two-headed ogre.
The two-headed ogre is moderately wounded.
Your howler monkey hits the howler monkey.
The howler monkey dies!
Dithmenos accepts your kill.
The two-headed ogre hits you but does no damage. x2
Your howler monkey hits the two-headed ogre but does no damage.
Fire: 51 bolts
Press: ? - help, Q - select action, (/) - cycle Shift-Dir - straight line, f/p - two-headed ogre
Aim: a two-headed ogre, wielding two +0 giant clubs (moderately wounded, ally target, umbra, 82% to hit)
You shoot a bolt. The bolt hits the two-headed ogre!
The two-headed ogre is heavily wounded.
You feel less wooden.
Your +0 pearl dragon scales unmelds from your body.
The two-headed ogre hits you with a +0 giant club!!
You die...

######## ###
#......# ...
######......#
......#........§..#
....oo#.####...§.§#
......#.# #...§@.#.
......#.#
#...hO§..#
........#
#..)((.###
......### #......#
......# #(.....##
......# #........
####.## ###.####.
##..# #>..# #..##
#######'#


You could see a two-headed ogre (ally target) and a friendly howler monkey
(summoned).

Vanquished Creatures
  Harold (D:9)
  A troll (D:9)
  A wyvern (D:8)
  Edmund (D:5)
  A water moccasin (D:7)
  4 orc warriors
  A black bear (D:8)
  3 sky beasts
  2 necrophages
  2 ogres
  4 centaurs
  A kobold brigand (D:9)
  3 bullfrogs
  4 scorpions
  A gnoll sergeant (D:5)
  2 wyvern zombies
  A water moccasin zombie (D:5)
  A water moccasin skeleton (D:6)
  6 killer bees (D:7)
  3 howler monkeys (D:7)
  12 wights (D:8)
  3 centaur zombies
  A jelly (D:6)
  3 orc priests
  A hound (D:6)
  2 bullfrog skeletons
  3 iguanas
  8 orc wizards
  2 howler monkey skeletons (D:5)
  A howler monkey zombie (D:6)
  12 gnolls
  7 adders
  A white imp (D:6)
  An ufetubus (D:6)
  2 worms (D:2)
  36 orcs
  5 endoplasms
  5 giant cockroaches
  10 goblins
  5 hobgoblins
  9 jackals
  2 quokkas
  6 ball pythons
  3 bats
  4 frilled lizards
  7 kobolds
  4 rats (D:2)
198 creatures vanquished.

Vanquished Creatures (collateral kills)
  A howler monkey (D:9)
1 creature vanquished.

Vanquished Creatures (others)
  6 fungi (D:4)
  5 plants (D:4)
11 creatures vanquished.

Grand Total: 210 creatures vanquished

Notes
Turn   | Place    | Note
-------+----------+-------------------------------------------
     0 | D:1      | Host24 the Kobold Hunter began the quest for the Orb.
     0 | D:1      | Reached XP level 1. HP: 12/12 MP: 1/1
    60 | D:1      | Reached skill level 5 in Crossbows
    99 | D:1      | Reached XP level 2. HP: 17/17 MP: 2/2
   141 | D:1      | Reached XP level 3. HP: 12/22 MP: 3/3
   926 | D:1      | Found a faded altar of an unknown god.
  1683 | D:2      | Reached XP level 4. HP: 29/29 MP: 4/4
  2025 | D:2      | Found Zotsisav's Book Emporium.
  3237 | D:3      | Found Kuifoy's Distillery.
  3247 | D:3      | Found Qatiules's Armour Shop.
  3481 | D:3      | Reached XP level 5. HP: 33/33 MP: 5/5
  3547 | D:3      | Found an opulent altar of Gozag.
  3701 | D:3      | Found a transporter.
  3732 | D:3      | Found a transporter.
  3774 | D:3      | Found a hazy altar of Hepliaklqana.
  4029 | D:4      | Noticed an ogre
  4167 | D:4      | Reached skill level 6 in Crossbows
  4318 | D:4      | Reached XP level 6. HP: 25/38 MP: 6/6
  4540 | D:4      | Reached skill level 7 in Crossbows
  4846 | D:4      | Found a blossoming altar of Fedhas.
  4879 | D:4      | Found a hide-covered altar of Uskayaw.
  4991 | D:4      | Noticed a black bear
  5154 | D:5      | Entered Level 5 of the Dungeon
  5158 | D:5      | Reached XP level 7. HP: 44/44 MP: 7/7
  5182 | D:5      | Reached skill level 5 in Fighting
  5685 | D:5      | Identified the ring "Neeciwac" {Ice rPois SInv}
  6010 | D:5      | Reached skill level 8 in Crossbows
  6102 | D:5      | Reached skill level 1 in Evocations
  6339 | D:5      | Noticed Edmund
  6398 | D:5      | Reached XP level 8. HP: 49/49 MP: 8/8
  6483 | D:5      | Found a staircase to the Ecumenical Temple.
  6495 | Temple   | Entered the Ecumenical Temple
  6680 | Temple   | Became a worshipper of Dithmenos the Shadowed
  7178 | D:5      | Killed Edmund
  7179 | D:5      | Reached skill level 5 in Stealth
  7431 | D:6      | Reached skill level 9 in Crossbows
  7593 | D:7      | Found a runed translucent door.
  7692 | D:7      | Identified the +8 long sword "Ligarul" {flame, rF+}
  8216 | D:6      | Reached skill level 10 in Crossbows
  8367 | D:6      | Reached XP level 9. HP: 55/55 MP: 9/9
  9025 | D:7      | Noticed a skeletal warrior
  9194 | D:7      | Reached * piety under Dithmenos
  9430 | D:7      | Noticed a skeletal warrior
  9524 | D:7      | Noticed a skeletal warrior
  9563 | D:7      | Reached skill level 1 in Armour
  9848 | D:8      | Found Yngacehu's Magic Scroll Emporium.
  9911 | D:8      | Reached skill level 1 in Long Blades
  9962 | D:8      | Reached skill level 5 in Dodging
  9962 | D:8      | Reached XP level 10. HP: 59/66 MP: 10/10
 10611 | D:8      | Found a glowing golden altar of the Shining One.
 10671 | D:8      | HP: 3/60 [wight (1)]
 11107 | D:8      | Reached skill level 11 in Crossbows
 11205 | D:8      | Found a shimmering blue altar of Sif Muna.
 11206 | D:8      | Found a shimmering altar of Xom.
 11208 | D:8      | Found an iron altar of Okawaru.
 11541 | D:9      | Found a staircase to the Orcish Mines.
 11581 | D:9      | Reached ** piety under Dithmenos
 11722 | D:9      | Found a sacrificial altar of Ru.
 11808 | D:9      | Noticed a two-headed ogre
 12841 | D:9      | Noticed Harold
 12872 | D:9      | Killed Harold
 12888 | D:9      | Mangled by a two-headed ogre

Illustrated notes

Levels and vault maps discovered:
D:1:      minmay_arrival_stone_box, layout_loops_ring, basic_ecumenical_altar
D:2:      layout_loops_corners, serial_shops, nicolae_square_shop,
          minmay_circled_x
D:3:      gammafunk_wand_slinger, layout_basic,
          nicolae_gozag_cash_rules_everything_around_me,
          mainiacjoe_overflow_alcove_2, serial_shops, shop, shop_statue
D:4:      layout_cave_pools, lemuel_doored_altar, fedhas_altar_3
D:5:      layout_basic, minmay_temple_entry_statues_pillars,
          hangedman_decor_lopped, grunt_ministairs_4, uniq_edmund
D:6:      kb_forest_paths, layout_gridville
D:7:      layout_basic, ebering_ghost_reflecting_pool
D:8:      layout_basic, lemuel_round_altar, minitemple, serial_shops, shop
D:9:      layout_roguey, nicolae_overflow_hidden_temple, amcnicky_altar_gilded,
          minmay_orc_entry_temple_small, uniq_harold
Temple:   dpeg_chambers_temple

Skill      XL: |  1  2  3  4  5  6  7  8  9 10 |
---------------+-------------------------------+-----
Crossbows      | 5 6 7 8 10 11 | 11.0
Dodging        | 3 4 5 6 |  6.0
Stealth        | 2 3 6 8 |  8.9
Fighting       | 3 4 5 9 |  9.0
Evocations     | 2 3 |  3.2
Armour         | 2 4 |  4.2
Long Blades    | 1 2 |  2.0

Action                   |  1- 3 |  4- 6 |  7- 9 | 10-12 || total
-------------------------+-------+-------+-------+-------++-------
Melee: Short sword       |    83 |    87 |       |       ||   170
       Flail             |       |    42 |    34 |       ||    76
       Long sword        |       |       |   102 |    71 ||   173
 Fire: Hand crossbow     |    11 |    87 |   143 |   112 ||   353
Throw: Stone             |       |       |     2 |       ||     2
  Use: Scroll            |       |     5 |     2 |     4 ||    11
       Potion            |       |     1 |     2 |     5 ||     8
 Stab: Sleeping          |    13 |     8 |     8 |     5 ||    34
       Distracted        |       |     1 |     1 |     1 ||     3
Armor: Leather armour    |    14 |    45 |    47 |     6 ||   112
       Skin              |       |       |    17 |    15 ||    32
       Pearl dragon scal |       |       |       |    14 ||    14
Dodge: Dodged            |    66 |   142 |   207 |    84 ||   499
Block: Buckler           |       |       |    42 |    23 ||    65
       Rpst.: Long sword |       |       |    26 |    13 ||    39
